 Dungeon Crawl Stone Soup version 0.18.1-50-g88ac8fd (webtiles) character file.

26597 magog001 the Blocker (level 12, 0/113 HPs)
             Began as a Minotaur Fighter on May 15, 2017.
             Was a High Priest of Nemelex Xobeh.
             Succumbed to a black mamba's poison
             ... on level 4 of the Lair of Beasts on May 17, 2017.
             The game lasted 01:31:36 (15282 turns).

magog001 the Blocker (Minotaur Fighter)            Turns: 15282, Time: 01:31:36

Health: 0/113      AC: 26    Str: 31    XL:     12   Next: 99%
Magic:  7/12       EV:  9    Int:  5    God:    Nemelex Xobeh [*****.]
Gold:   518        SH: 14    Dex:  8    Spells: 0 memorised, 11 levels left

rFire  . . .     SeeInvis .     a - +3 war axe (venom)
rCold  . . .     Gourm    .     w - +1 plate armour
rNeg   . . .     Faith    +     c - +0 shield
rPois  .         Spirit   .     (helmet restricted)
rElec  .         Dismiss  .     s - +2 cloak
rCorr  .         Reflect  .     (no gloves)
SustAt +         Harm     .     (no boots)
MR     .....                    g - amulet of faith
Stlth  ..........               i - ring of sustain attributes
                                l - ring of stealth

@: mighty, lethally poisoned (0 -> -11), not resistant to hostile enchantments,
extremely unstealthy
A: retaliatory headbutt, horns 2, talons 1, icy blue scales 1, iridescent scales
1, rugged brown scales 1, clumsy 1, shaggy fur 1
a: Triple Draw, Deal Four, Stack Five, Renounce Religion


You were on level 4 of the Lair of Beasts.
You worshipped Nemelex Xobeh.
Nemelex Xobeh was extremely pleased with you.
You were not hungry.

You visited 3 branches of the dungeon, and saw 14 of its levels.

You collected 778 gold pieces.
You spent 260 gold pieces at shops.

Inventory:

Hand Weapons
 a - a +3 war axe of venom (weapon)
 z - a +0 blowgun
Missiles
 h - 125 poisoned needles
 j - 7 javelins (quivered)
Armour
 c - a +0 shield (worn)
 s - a +2 cloak (worn)
 w - a +1 plate armour (worn)
 H - a +1 cloak of poison resistance
Jewellery
 g - an amulet of faith (around neck)
 i - a ring of sustain attributes (right hand)
 l - a ring of stealth (left hand)
 o - an uncursed ring of flight
Wands
 b - a wand of paralysis (6/24)
 r - a wand of iceblast (15/15)
 B - a wand of lightning (4/15)
 J - a wand of flame (10/48)
 L - a wand of digging (6/24)
 T - a wand of digging (7/24)
 X - a wand of polymorph (9/24)
Scrolls
 d - a scroll of identify
 k - 2 scrolls of teleportation
 m - 5 scrolls of remove curse
 v - 4 scrolls of recharging
 G - a scroll of blinking
Potions
 n - 3 potions of ambrosia
 p - 2 potions of flight
 t - 3 potions of might
 F - 2 potions of resistance {unknown}
 K - a potion of cure mutation {unknown}
 Y - a potion of lignification {unknown}
Miscellaneous
 q - a plain deck of destruction
 x - an ornate deck of destruction
 y - an ornate deck of war {drawn: 3}
 A - an ornate deck of destruction
 C - a plain deck of destruction
 E - a phial of floods (inert)
 N - an ornate deck of destruction {drawn: 6}
 O - an ornate deck of war
 P - an ornate deck of war {drawn: 8}
 Q - a plain deck of escape
 R - a plain deck of war {drawn: 1}
 U - a plain deck of war
 V - an ornate deck of escape {drawn: 3}
 W - a legendary deck of destruction {drawn: 1}
Comestibles
 f - 6 bread rations
 u - a slice of pizza
 D - 2 meat rations
 I - 24 fruits
 M - 14 royal jellies


   Skills:
 * Level 11.5 Fighting
 * Level 12.8 Axes
 * Level 7.0 Throwing
 * Level 11.3 Armour
 + Level 5.3 Dodging
 + Level 1.3 Stealth
 * Level 13.6 Shields
 + Level 1.5 Evocations


You had 11 spell levels left.
You didn't know any spells.

Dungeon Overview and Level Annotations

Branches:
Dungeon (9/15)             Temple (0/1) D:4            Lair (4/8) D:9
  Swamp (0/4) Lair:4        Snake (1/4) Lair:4
    Orc: D:9-12

Altars:
Cheibriados
Dithmenos
Elyvilon
Fedhas
Gozag
Nemelex Xobeh
Ru
Trog
Xom

Shops:
D:8 }   D:9 =


Innate Abilities, Weirdness & Mutations

You reflexively headbutt those who attack you in melee.
You have a pair of horns on your head.
You have sharp toenails.
You are partially covered in icy blue scales (AC +1).
You are partially covered in iridescent scales (AC +4).
You are partially covered in rugged brown scales (AC +1, +3% HP).
You are clumsy. (Dex -2)
You are covered in fur (AC +1).


Message History

You headbutt the anaconda, but do no damage.
You block the anaconda's attack. The mana viper barely misses you.
You furiously retaliate!
You headbutt the mana viper! You block the black mamba's attack.
The anaconda grabs you.
The anaconda bites you but does no damage.
The anaconda constricts you.
The black mamba bites you but does no damage.
The mana viper bites you but does no damage.
The black mamba bites you but does no damage.
Evoke which item? (* to show all) (? for menu, Esc to quit)
You draw a card...
It is the Tomb.
Walls emerge from the floor!
* * * LOW HITPOINT WARNING * * *
You feel sick. You block the anaconda's attack. The anaconda constricts you.
The black mamba bites you but does no damage. x2
The mana viper barely misses you. The anaconda barely misses you.
The anaconda constricts you. You block the black mamba's attack.
You escape the anaconda's grasp.
The walls disappear prematurely!
Your fortitude fades away.
You die...
Your body disappears without a glow.

##........#..#.##....##..
#.<...######.####...#####
##......# #...#...##
#.......####...##P..##
##......##.....##....#
#.......S...######.P###
#.<....SSS..# ###....#
#......S.#######......###
#........@...P##..........
##.......##..###..........
####....##....#...P......
###.P#.#.#.<.....P......
#..............<........
#.......................
#.......................
###.......................
#.#P.....#.#.....P........


You could see an anaconda, a mana viper and 3 black mambas.

Vanquished Creatures
  2 anacondas
  Pikel (D:6)
  4 elephants (Lair:1)
  13 black mambas
  A naga mage (Snake:1)
  8 spiny frogs
  5 komodo dragons
  A queen bee (Lair:3)
  8 blink frogs
  9 yaks
  2 basilisks
  7 hippogriffs
  Menkaure (D:6)
  3 nagas
  11 water moccasins
  Edmund (D:6)
  9 porcupines
  2 slaves (D:6)
  3 ice beasts
  5 orc warriors
  2 sky beasts (D:9)
  A black bear (D:9)
  8 phantoms
  5 ogres
  A centaur (D:9)
  8 wolves
  6 crocodiles
  3 big kobolds (D:7)
  7 giant frogs
  29 killer bees
  3 wights (D:8)
  2 crimson imps
  A jelly (D:9)
  2 hounds (D:5)
  6 orc priests
  Crazy Yiuf (D:7)
  A centaur skeleton (D:8)
  3 giant frog skeletons
  9 orc wizards
  7 iguanas
  5 worker ants
  2 hound skeletons
  A worker ant zombie (D:8)
  8 adders
  25 river rats
  A shadow imp (D:5)
  An ooze (D:1)
  An adder skeleton (D:9)
  2 worms
  2 dart slugs
  7 giant geckos
  39 orcs
  4 ball pythons
  6 giant cockroaches
  7 goblins
  10 hobgoblins
  13 jackals
  22 kobolds
  3 quokkas
  9 bats
  A giant gecko skeleton (D:5)
  6 giant newts
  A quokka zombie (D:6)
  10 rats
  2 fungi (Lair:3)
  6 plants (Lair:4)
395 creatures vanquished.

Vanquished Creatures (collateral kills)
  The ghost of PeterLawrence the Bludgeoner, a journeyman MiFi of Okawaru (Lair:1)
  A hydra (Lair:3)
  A spiny frog (Lair:3)
  3 hippogriffs
  A water moccasin (Lair:3)
  2 porcupines
  2 wolves (Lair:1)
  A crocodile (Lair:4)
  An iguana (Lair:4)
13 creatures vanquished.

Vanquished Creatures (others)
  A wizard (D:3)
  An adder (D:6)
  An orc (D:6)
  2 jackals (D:6)
  A quokka zombie (D:6)
  3 fungi (Lair:4)
  9 plants
18 creatures vanquished.

Grand Total: 426 creatures vanquished

Notes
Turn   | Place    | Note
--------------------------------------------------------------
     0 | D:1      | magog001 the Minotaur Fighter began the quest for the Orb.
     0 | D:1      | Reached XP level 1. HP: 19/19 MP: 0/0
   122 | D:1      | Reached XP level 2. HP: 18/27 MP: 1/1
   521 | D:1      | Reached skill level 4 in Shields
   859 | D:2      | Reached XP level 3. HP: 33/33 MP: 2/2
   981 | D:2      | Found a snail-covered altar of Cheibriados.
  1876 | D:3      | Reached XP level 4. HP: 37/40 MP: 3/3
  1911 | D:3      | Reached skill level 1 in Dodging
  1925 | D:3      | Reached skill level 5 in Shields
  1932 | D:3      | Reached XP level 5. HP: 27/46 MP: 4/4
  2436 | D:3      | Found a shimmering altar of Xom.
  2448 | D:3      | Reached skill level 5 in Armour
  2661 | D:3      | Found a bloodstained altar of Trog.
  2739 | D:3      | Noticed a wizard
  2745 | D:3      | Killed a wizard
  3151 | D:4      | Found an opulent altar of Gozag.
  3257 | D:4      | Found a staircase to the Ecumenical Temple.
  3383 | D:4      | Noticed an ogre
  3389 | D:4      | Killed an ogre
  3389 | D:4      | Reached XP level 6. HP: 47/53 MP: 5/5
  3532 | D:4      | Found a sacrificial altar of Ru.
  3539 | D:4      | Found a shadowy altar of Dithmenos.
  3542 | D:4      | Found a blossoming altar of Fedhas.
  3545 | D:4      | Found a sparkling altar of Nemelex Xobeh.
  3558 | D:4      | Became a worshipper of Nemelex Xobeh the Trickster
  3567 | D:4      | Received a gift from Nemelex Xobeh
  3572 | D:4      | Found a white marble altar of Elyvilon.
  3672 | D:4      | Found a bloodstained altar of Trog.
  3767 | D:5      | Entered Level 5 of the Dungeon
  3791 | D:5      | Noticed a water moccasin
  3809 | D:5      | Killed a water moccasin
  3809 | D:5      | Reached skill level 5 in Fighting
  3809 | D:5      | Reached skill level 6 in Shields
  3809 | D:5      | Reached XP level 7. HP: 36/61 MP: 6/6
  4411 | D:5      | Reached skill level 5 in Axes
  4527 | D:5      | Received a gift from Nemelex Xobeh
  4555 | D:5      | Reached * piety under Nemelex Xobeh
  4809 | D:5      | Gained mutation: You have sharp toenails. [potion of beneficial mutation]
  4811 | D:5      | Gained mutation: You are partially covered in rugged brown scales (AC +1, +3% HP). [potion of mutation]
  4811 | D:5      | Gained mutation: You are clumsy. (Dex -2) [potion of mutation]
  4811 | D:5      | Gained mutation: You are covered in fur (AC +1). [potion of mutation]
  4899 | D:6      | Noticed Edmund
  4907 | D:6      | Killed Edmund
  4907 | D:6      | Reached skill level 1 in Stealth
  4922 | D:6      | Reached skill level 7 in Shields
  4922 | D:6      | Reached XP level 8. HP: 57/72 MP: 7/7
  5080 | D:6      | Gained mutation: You are partially covered in iridescent scales (AC +4). [potion of mutation]
  5080 | D:6      | Gained mutation: You are partially covered in icy blue scales (AC +1). [potion of mutation]
  5127 | D:6      | Noticed Menkaure
  5136 | D:6      | Killed Menkaure
  5258 | D:6      | Noticed Pikel
  5304 | D:6      | Killed Pikel
  5304 | D:6      | Reached XP level 9. HP: 31/81 MP: 8/8
  5765 | D:7      | Reached skill level 8 in Shields
  5794 | D:7      | Reached ** piety under Nemelex Xobeh
  5794 | D:7      | Received a gift from Nemelex Xobeh
  6199 | D:7      | Reached skill level 1 in Throwing
  6274 | D:7      | Noticed Crazy Yiuf
  6282 | D:7      | Killed Crazy Yiuf
  6550 | D:8      | Received a gift from Nemelex Xobeh
  6759 | D:8      | Received a gift from Nemelex Xobeh
  6873 | D:8      | Found Vamepro's Gadget Emporium.
  6874 | D:8      | Reached *** piety under Nemelex Xobeh
  7076 | D:8      | Bought a wand of digging (6/24) for 260 gold pieces
  7277 | D:8      | Reached skill level 9 in Shields
  7601 | D:8      | Received a gift from Nemelex Xobeh
  7885 | D:9      | Found Apnyeck's Jewellery Boutique.
  7972 | D:9      | Reached XP level 10. HP: 90/90 MP: 9/9
  8141 | D:9      | Found a staircase to the Lair.
  8286 | D:9      | Reached skill level 10 in Shields
  8671 | D:9      | Received a gift from Nemelex Xobeh
  8812 | D:9      | Reached **** piety under Nemelex Xobeh
  9024 | Lair:1   | Entered Level 1 of the Lair of Beasts
  9048 | Lair:1   | Noticed PeterLawrence's ghost (journeyman MiFi)
  9377 | Lair:1   | Killed PeterLawrence's ghost
  9669 | Lair:1   | Received a gift from Nemelex Xobeh
  9675 | Lair:1   | Noticed a brown ugly thing
  9939 | Lair:1   | Received a gift from Nemelex Xobeh
 10003 | Lair:1   | Noticed a black mamba
 10013 | Lair:1   | Killed a black mamba
 10013 | Lair:1   | Reached skill level 11 in Shields
 10045 | Lair:1   | Noticed a spiny frog
 10062 | Lair:1   | Killed a spiny frog
 10084 | Lair:1   | Reached skill level 10 in Axes
 10085 | Lair:1   | Reached XP level 11. HP: 60/99 MP: 10/10
 10309 | Lair:1   | Received a gift from Nemelex Xobeh
 10369 | Lair:1   | Noticed a cyan ugly thing
 10828 | Lair:2   | Reached skill level 10 in Fighting
 10910 | Lair:2   | Reached ***** piety under Nemelex Xobeh
 10910 | Lair:2   | Received a gift from Nemelex Xobeh
 11112 | Lair:2   | Received a gift from Nemelex Xobeh
 11421 | Lair:3   | Reached skill level 5 in Throwing
 11495 | Lair:3   | Noticed a seven-headed hydra
 11499 | Lair:3   | Killed a seven-headed hydra
 11499 | Lair:3   | Reached skill level 12 in Shields
 11499 | Lair:3   | Reached skill level 1 in Evocations
 11606 | Lair:3   | Received a gift from Nemelex Xobeh
 11744 | Lair:3   | Received a gift from Nemelex Xobeh
 11942 | Lair:3   | Reached skill level 10 in Armour
 12058 | Lair:3   | Received a gift from Nemelex Xobeh
 12141 | Lair:3   | Reached XP level 12. HP: 107/111 MP: 11/11
 12662 | Lair:4   | Found a staircase to the Snake Pit.
 12685 | Lair:4   | Reached skill level 5 in Dodging
 13471 | Snake:1  | Entered Level 1 of the Snake Pit
 13480 | Lair:4   | Reached skill level 13 in Shields
 13687 | Lair:4   | Found a staircase to the Swamp.
 13775 | Lair:4   | Received a gift from Nemelex Xobeh
 14513 | Lair:4   | Received a gift from Nemelex Xobeh
 14803 | Snake:1  | Noticed an anaconda
 14820 | Snake:1  | Noticed an anaconda
 14825 | Lair:4   | Killed an anaconda
 15215 | Snake:1  | Killed an anaconda
 15247 | Snake:1  | Noticed an anaconda
 15279 | Lair:4   | HP: 4/113 [black mamba (6)]
 15281 | Lair:4   | HP: 1/113 [poisoned by a black mamba]
 15282 | Lair:4   | Succumbed to a black mamba's poison

Skill      XL: |  1  2  3  4  5  6  7  8  9 10 11 12 |
---------------+-------------------------------------+-----
Shields        | 4 5 6 7 9 11 12 13 | 13.6
Armour         | 4 5 6 7 8 9 10 11 | 11.3
Axes           | 3 4 5 7 8 10 11 12 | 12.8
Fighting       | 4 5 7 8 9 10 11 | 11.5
Dodging        | 1 2 3 4 5 |  5.3
Stealth        | 1 |  1.3
Throwing       | 2 4 5 7 |  7.0
Evocations     | 1 |  1.5

Action                   |  1- 3 |  4- 6 |  7- 9 | 10-12 || total
-------------------------+-------+-------+-------+-------++-------
Melee: War axe           |   114 |   157 |   352 |   681 ||  1304
       Headbutt          |    10 |    18 |    51 |   119 ||   198
       Kick              |       |       |    77 |   195 ||   272
 Fire: Blowgun           |       |       |    24 |       ||    24
Evoke: Deck              |       |       |     1 |    29 ||    30
       Wand              |       |       |       |     8 ||     8
       Phial of floods   |       |       |       |     1 ||     1
  Use: Scroll            |     4 |     2 |     7 |    12 ||    25
       Potion            |       |     3 |     9 |     7 ||    19
 Stab: Distracted        |       |       |     1 |     1 ||     2
  Eat: Chunk             |     2 |     2 |       |     9 ||    13
       Bread ration      |     1 |       |       |       ||     1
       Meat ration       |       |     1 |     2 |     1 ||     4
       Fruit             |       |       |       |     1 ||     1
       Beef jerky        |       |       |       |     1 ||     1
       Royal jelly       |       |       |       |     4 ||     4
Armor: Scale mail        |    54 |    65 |    29 |       ||   148
       Ring mail         |       |       |    25 |       ||    25
       Plate armour      |       |       |    96 |   435 ||   531
Dodge: Dodged            |    43 |    42 |   102 |   198 ||   385
Block: Shield            |    62 |    92 |   192 |   546 ||   892
